 Dungeon Sprint DCSS version 0.18-a0-1354-gbc5753f (webtiles) character file.

443 Kidiri the Covert (level 6, -4/32 HPs)
             Began as a Spriggan Enchanter on Feb 19, 2016.
             Slain by a flying skull (12 damage)
             ... in the Dungeon (Sprint II: "The Violet Keep of Menkaure").
             The game lasted 00:05:03 (256 turns).

Kidiri the Covert (Spriggan Enchanter)               Turns: 256, Time: 00:05:03

Health: -4/32      AC:  3    Str:  4    XL:     6   Next: 71%
Magic:  5/17       EV: 24    Int: 18    God:
Gold:   729        SH:  0    Dex: 17    Spells: 5 memorised, 8 levels left

rFire  . . .     SeeInvis +     a - +1 dagger
rCold  . . .     Gourm    .     b - +1 robe
rNeg   . . .     Faith    .     (shield restricted)
rPois  .         Spirit   .     (helmet restricted)
rElec  .         Dismiss  .     (no cloak)
rCorr  .         Reflect  .     (gloves unavailable)
SustAt .         Harm     .     (boots unavailable)
MR     +....     NoTele   +     (no amulet)
Stlth  +++++.....               (no ring)
                                (no ring)

@: very quick, somewhat resistant to hostile enchantments, quite stealthy
A: unfitting armour, see invisible, herbivore 3, speed 3, slow metabolism 2
a: no special abilities


You were in the Dungeon.
You were not hungry.

You visited 1 branch You collected 729 gold pieces.

Inventory:

Hand Weapons
 a - a +1 dagger (weapon)
Armour
 b - a +1 robe (worn)
Scrolls
 j - a scroll of blinking
Potions
 e - a potion of curing
 g - a potion of haste
 h - a potion of magic
Books
 c - a book of Maledictions

   Spells                             Type                      Level
   a - Corona                         Hexes                        1
   b - Ensorcelled Hibernation        Hexes/Ice                    2
   c - Confuse                        Hexes                        3
   d - Tukima's Dance                 Hexes                        3
   e - Dazzling Spray                 Conjuration/Hexes            3
Comestibles
 d - a bread ration


   Skills:
 + Level 3.0 Fighting
 * Level 6.4 Short Blades
 + Level 2.6 Armour
 * Level 8.8 Dodging
 * Level 10.1 Stealth
 * Level 7.5 Spellcasting
 + Level 2.3 Conjurations
 + Level 5.9 Hexes
 + Level 2.8 Ice Magic


You had 8 spell levels left.
You knew the following spells:

 Your Spells              Type           Power        Failure   Level  Hunger
a - Corona                Hex            ####...      1%          1    None
b - Ensorcelled Hibernat  Hex/Ice        ###...       2%          2    None
c - Confuse               Hex            ####....     2%          3    #......
d - Tukima's Dance        Hex            ####....     2%          3    #......
e - Dazzling Spray        Conj/Hex       ###.....     6%          3    #......


Dungeon Overview and Level Annotations

Branches:
Dungeon (1/1)

Altars:


Innate Abilities, Weirdness & Mutations

You are tiny and cannot use many weapons and most armour.
You have supernaturally acute eyesight.
You are an herbivore.
You cover ground extremely quickly.
You need consume almost no food.


Message History

You are too injured to fight recklessly!
You are too injured to fight recklessly!
You are too injured to fight recklessly!
You hit the flying skull but do no damage.
The flying skull completely misses you.
You miss the flying skull. The flying skull completely misses you.
You miss the flying skull. The flying skull closely misses you.
The flying skull hits you.
* * * LOW HITPOINT WARNING * * *
You closely miss the flying skull.
You hit the flying skull but do no damage.
The flying skull barely misses you. x2
You hit the flying skull but do no damage.
The flying skull hits you but does no damage.
You hit the flying skull but do no damage.
The flying skull completely misses you.
You hit the flying skull.
The flying skull is moderately damaged.
The flying skull hits you!
You die...

.z.
#≈≈#+++#+++##
≈≈≈.........#
##+## ##.#.##
#..##.#
####.z###
#.###z#
##..##@##
+.##'.<.+
##..##.##
#.###%##
####.#.##
#..#..#
##...## ##+##


You could see 2 flying skulls.

Vanquished Creatures
  4 necrophages (D)
  4 worker ants (D)
  3 worms (D)
11 creatures vanquished.

Vanquished Creatures (others)
  2 crocodiles (D)
2 creatures vanquished.

Grand Total: 13 creatures vanquished

Notes
Turn   | Place    | Note
--------------------------------------------------------------
     0 | D        | Kidiri the Spriggan Enchanter began the quest for the Orb.
     0 | D        | Reached XP level 1. HP: 9/9 MP: 5/5
     6 | D        | Reached skill level 5 in Stealth
    13 | D        | Noticed a flying skull
    13 | D        | Noticed a flying skull
    14 | D        | Noticed a flying skull
    14 | D        | Noticed a flying skull
    14 | D        | Noticed a flying skull
    15 | D        | Noticed a flying skull
    15 | D        | Noticed a flying skull
    15 | D        | Noticed a flying skull
    16 | D        | Noticed a flying skull
    16 | D        | Reached XP level 2. HP: 14/14 MP: 5/7
    18 | D        | Noticed a flying skull
    19 | D        | Noticed a flying skull
    25 | D        | Learned a level 2 spell: Ensorcelled Hibernation
    45 | D        | Reached skill level 1 in Fighting
    45 | D        | Reached XP level 3. HP: 18/18 MP: 7/9
    46 | D        | Reached skill level 1 in Armour
    46 | D        | Reached skill level 5 in Dodging
    46 | D        | Reached skill level 6 in Stealth
    46 | D        | Reached skill level 1 in Ice Magic
    51 | D        | Learned a level 3 spell: Confuse
    53 | D        | Killed a crocodile
    55 | D        | Learned a level 3 spell: Dazzling Spray
    72 | D        | Reached XP level 4. HP: 22/22 MP: 11/11
    74 | D        | Reached skill level 7 in Stealth
    74 | D        | Reached skill level 5 in Spellcasting
    74 | D        | Killed a crocodile
    79 | D        | Learned a level 3 spell: Tukima's Dance
    89 | D        | Noticed a necrophage
    89 | D        | Noticed a necrophage
    89 | D        | Noticed a necrophage
    89 | D        | Noticed a necrophage
   104 | D        | Killed a necrophage
   104 | D        | Reached skill level 5 in Short Blades
   104 | D        | Reached skill level 8 in Stealth
   104 | D        | Reached skill level 1 in Conjurations
   104 | D        | Reached skill level 5 in Hexes
   104 | D        | Reached XP level 5. HP: 26/26 MP: 1/14
   108 | D        | Killed a necrophage
   108 | D        | Reached skill level 9 in Stealth
   108 | D        | Reached XP level 6. HP: 32/32 MP: 1/16
   158 | D        | Reached skill level 10 in Stealth
   256 | D        | Slain by a flying skull

Vault maps used:
D:        the_violet_keep_of_menkaure

Action                   |  1- 3 |  4- 6 || total
-------------------------+-------+-------++-------
Melee: Dagger            |     6 |    61 ||    67
 Cast: Dazzling Spray    |       |     9 ||     9
       Confuse           |       |     2 ||     2
  Use: Potion            |       |     3 ||     3
 Stab: Sleeping          |     6 |     1 ||     7
       Confused          |       |     1 ||     1
